 Dungeon Crawl Stone Soup version 0.28-b1-70-g80dc712255 (webtiles) character file.

Game seed: 11527774835264027970

1143 Prodoman the Magician (level 8, -1/52 HPs)
             Began as a Demonspawn Hedge Wizard on Feb 4, 2022.
             Was an Initiate of Sif Muna.
             Slain by a gnoll (6 damage)
             ... on level 6 of the Dungeon.
             The game lasted 00:35:07 (5329 turns).

Prodoman the Magician (Demonspawn Hedge Wizard)     Turns: 5329, Time: 00:35:09

Health: -1/52      AC:  4    Str: 10    XL:     8   Next: 15%
Magic:  11/14      EV: 13    Int: 18    God:    Sif Muna [......]
Gold:   152        SH:  0    Dex: 13    Spells: 9/16 levels left

rFire   . . .      SeeInvis .   a - +0 dagger
rCold   . . .      Faith    .   (no shield)
rNeg    + . .      Spirit   .   b - +0 robe
rPois   .          Reflect  .   c - +0 hat
rElec   .          Harm     .   r - +0 cloak
rCorr   .          Rampage  .   k - +0 pair of gloves
Will    .....                   (no boots)
Stlth   +++.......              n - amulet of regeneration
HPRegen 0.97/turn               f - ring of positive energy
MPRegen 0.14/turn               (no ring)

@: very slightly contaminated
A: powered by death 1, spiny 2, sturdy frame 1
a: Renounce Religion


You were on level 6 of the Dungeon.
You worshipped Sif Muna.
Sif Muna was noncommittal.
You visited 2 branches of the dungeon, and saw 7 of its levels.

You collected 152 gold pieces.

Inventory:

Hand Weapons
 a - a +0 dagger (weapon)
Armour
 b - a +0 robe (worn)
 c - a +0 hat (worn)
 k - a +0 pair of gloves (worn)
 p - a +3 chain mail of positive energy
 r - a +0 cloak (worn)
Jewellery
 e - an amulet of faith
 f - a ring of positive energy (left hand)
 h - a ring of poison resistance
 n - an amulet of regeneration (around neck)
Scrolls
 g - 2 scrolls of magic mapping
 i - a scroll of blinking
 j - a scroll of enchant armour
 l - a scroll of fog
 o - a scroll of teleportation {unknown}
 q - a scroll of summoning {unknown}
 s - a scroll of enchant weapon {unknown}
 t - a scroll of noise {unknown}
 u - a scroll of acquirement {unknown}
Potions
 m - a potion of attraction


   Skills:
 + Level 3.9 Dodging
 + Level 4.1 Stealth
 + Level 4.6 Spellcasting
 + Level 3.8 Conjurations
 + Level 3.9 Summonings
 + Level 3.6 Translocations


You had 9 spell levels left.
You knew the following spells:

 Your Spells              Type           Power      Damage    Failure   Level
a - Magic Dart            Conj           72%        1d6       2%          1
b - Call Canine Familiar  Summ           18%        N/A       9%          3
c - Stone Arrow           Conj/Erth      22%        3d8       19%         3

Your spell library contained the following spells:

 Spells                   Type           Power      Damage    Failure   Level
 Summon Small Mammal      Summ           72%        N/A       2%          1
 Blink                    Tloc           34%        N/A       4%          2
 Call Imp                 Summ           18%        N/A       4%          2
 Animate Skeleton         Necr           8%         N/A       14%         1
 Pain                     Necr           16%        1d4       14%         1
 Sandblast                Erth           8%         2d5       14%         1
 Slow                     Hex            16%        N/A       14%         1
 Conjure Flame            Conj/Fire      11%        6-21      19%         3
 Summon Guardian Golem    Hex/Summ       11%        N/A       19%         3
 Passwall                 Tmut/Erth      3%         N/A       22%         2
 Mephitic Cloud           Conj/Pois/Air  8%         N/A       24%         3
 Ignite Poison            Fire/Tmut/Pois 4%         N/A       38%         3
 Tukima's Dance           Hex            4%         N/A       38%         3
 Vampiric Draining        Necr           4%         2d6       38%         3
 Anguish                  Hex/Necr       2%         N/A       80%         4
 Freezing Cloud           Conj/Ice/Air   4%         6-21      92%         5
 Enfeeble                 Hex            2%         N/A       100%        7


Dungeon Overview and Level Annotations

Branches:
Dungeon (6/15)             Temple (1/1) D:5

Altars:
Ashenzari
Cheibriados
Dithmenos
Elyvilon
Fedhas
Hepliaklqana
Kikubaaqudgha
Makhleb
Nemelex Xobeh
Okawaru
Ru
Sif Muna
Trog
Vehumet
Wu Jian
Xom
Yredelemnul
Zin
The Shining One

Shops:
D:5 :


Innate Abilities, Weirdness & Mutations

You regenerate a little health from kills.
You are mostly covered in sharp spines.
Your movements are slightly less encumbered by armour. (ER -2)


Message History

Press: ? - help, Shift-Dir - straight line, f/p - gnoll
Aim: a gnoll, wielding a +0 flail (72% to hit)
You miscast Stone Arrow.
Nothing appears to happen.
The gnoll hits you from afar with a +2 halberd of protection!
The gnoll hits you with a +0 flail!
Your hound closely misses the gnoll.
Unknown command.
Casting: Stone Arrow (dangerous; 19% risk of failure)
Confirm with . or Enter, or press ? or * to list all spells.
You don't have enough magic to cast this spell.
Unknown command.
Hit: a) +0 dagger
Press: ? - help, Dir - move target, f/p - gnoll
Aim: a gnoll, wielding a +0 flail (about 35% to evade your +0 dagger)
You hit the gnoll.
The gnoll is moderately wounded.
Your hound bites the gnoll.
The gnoll barely misses you. The gnoll hits you with a +0 flail!
Your hound bites the gnoll but does no damage.
Hit: a) +0 dagger
Press: ? - help, Dir - move target, f/p - gnoll
Aim: a gnoll, wielding a +0 flail (moderately wounded, about 35% to evade your +0 dagger)
You hit the gnoll but do no damage.
The gnoll is moderately wounded.
The gnoll closely misses you. The gnoll hits you with a +0 flail.
* * * LOW HITPOINT WARNING * * *
Your hound bites the gnoll but does no damage.
Okay, then.
It was a potion of magic.
Magic courses through your body.
Your hound barely misses the gnoll.
The gnoll barely misses you. The gnoll hits you but does no damage.
Your hound closely misses the gnoll.
Casting: Stone Arrow (dangerous; 19% risk of failure)
Confirm with . or Enter, or press ? or * to list all spells.
Aiming: Stone Arrow (dangerous; 19% risk of failure)
Press: ? - help, Shift-Dir - straight line, f/p - gnoll
Aim: a gnoll, wielding a +0 flail (moderately wounded, 72% to hit)
The stone arrow misses the gnoll.
The gnoll hits you from afar with a +2 halberd of protection!
* * * LOW HITPOINT WARNING * * *
The gnoll hits you with a +0 flail.
You die...

#........#
#........## .
#..........
..#####..........
...........>.....
.≈≈≈≈≈≈..........
.≈≈≈≈≈≈..<.......
.≈≈8>≈≈.g........
.≈≈._≈≈@h........
.≈≈≈≈≈≈$.g.......
.≈≈≈≈≈≈.........#
................#
..####..........#
.< ##.........#
#........
#........


You could see 2 gnolls and a friendly hound (summoned).

Vanquished Creatures
  Prince Ribbit (D:5)
  2 water moccasins (D:5)
  3 scorpions
  A bullfrog skeleton (D:4)
  The ghost of cbfl8 the Sneak, a weakling MiDe (D:5)
  The ghost of cbfl8 the Sneak, a weakling MiDe of Uskayaw (D:5)
  A howler monkey zombie (D:5)
  6 adders
  A white imp (D:5)
  2 worms (D:2)
  2 dart slugs
  6 orcs
  5 bats
  2 endoplasms
  3 giant cockroaches
  3 goblins
  8 hobgoblins
  10 jackals
  7 quokkas
  2 frilled lizards (D:2)
  5 kobolds
  A rat (D:1)
73 creatures vanquished.

Vanquished Creatures (collateral kills)
  Eustachio (D:5)
  An ogre (D:5)
  A hound (D:5)
  A centaur skeleton (D:3)
  An orc wizard (D:4)
  2 gnolls (D:6)
  An adder (D:3)
  A dart slug (D:3)
  3 orcs (D:3)
  A ball python (D:4)
  A goblin (D:3)
  A hobgoblin (D:3)
15 creatures vanquished.

Vanquished Creatures (others)
  4 plants (D:4)
4 creatures vanquished.

Grand Total: 92 creatures vanquished

Notes
Turn   | Place    | Note
-------+----------+-------------------------------------------
     0 | D:1      | Prodoman the Demonspawn Hedge Wizard began the quest for
                  | the Orb.
     0 | D:1      | Reached XP level 1. HP: 13/13 MP: 4/4
   141 | D:1      | Reached skill level 1 in Translocations
   501 | D:1      | Gained mutation: You are partially covered in sharp spines.
                  | [demonic ancestry]
   501 | D:1      | Reached XP level 2. HP: 4/19 MP: 6/6
  1401 | D:2      | Found a faded altar of an unknown god.
  1517 | D:2      | Reached XP level 3. HP: 10/24 MP: 2/7
  2049 | D:2      | Reached XP level 4. HP: 30/30 MP: 5/8
  2281 | D:3      | Learned a level 3 spell: Call Canine Familiar
  2729 | D:3      | Gained mutation: You are mostly covered in sharp spines.
                  | [demonic ancestry]
  2729 | D:3      | Reached XP level 5. HP: 35/35 MP: 3/10
  3175 | D:4      | Found a bloodstained altar of Trog.
  3422 | D:4      | Found a shimmering blue altar of Sif Muna.
  3434 | D:4      | Became a worshipper of Sif Muna the Loreminder
  3554 | D:4      | Found a hazy altar of Hepliaklqana.
  3579 | D:4      | Gained mutation: You regenerate a little health from kills.
                  | [demonic ancestry]
  3579 | D:4      | Reached XP level 6. HP: 25/41 MP: 5/11
  3653 | D:4      | Found a basalt altar of Yredelemnul.
  3665 | D:4      | Found a shimmering altar of Xom.
  4048 | D:5      | Entered Level 5 of the Dungeon
  4190 | D:5      | Found a staircase to the Ecumenical Temple.
  4190 | D:5      | Noticed Eustachio
  4207 | D:5      | Killed Eustachio
  4234 | Temple   | Entered the Ecumenical Temple
  4545 | D:5      | Noticed a water moccasin
  4553 | D:5      | Killed a water moccasin
  4554 | D:5      | Gained mutation: Your movements are slightly less
                  | encumbered by armour. (ER -2) [demonic ancestry]
  4554 | D:5      | Reached XP level 7. HP: 36/46 MP: 13/13
  4573 | D:5      | Found a runed translucent gate.
  4573 | D:5      | Found a runed translucent gate.
  4573 | D:5      | Found a runed translucent gate.
  4655 | D:5      | Found Zung's Book Shoppe.
  4666 | D:5      | HP: 2/46 [ogre (13)]
  4732 | D:5      | Found a sparkling altar of Nemelex Xobeh.
  4734 | D:5      | Noticed Prince Ribbit
  4746 | D:5      | Killed Prince Ribbit
  4992 | D:5      | Noticed cbfl8's ghost (weakling MiDe)
  4992 | D:5      | Noticed cbfl8's ghost (weakling MiDe)
  5003 | D:5      | Killed cbfl8's ghost
  5009 | D:5      | Killed cbfl8's ghost
  5125 | D:5      | Reached XP level 8. HP: 46/52 MP: 6/14
  5307 | D:6      | Found an iron altar of Okawaru.
  5312 | D:6      | Learned a level 3 spell: Stone Arrow
  5329 | D:6      | Slain by a gnoll

Illustrated notes

Levels and vault maps discovered:
D:1:      heliophobic_arrival_battle_scene, layout_loops_ring
D:2:      layout_rooms, chequers_ecumenical_altar_grove, grunt_ministairs_9,
          nicolae_elevator_lobby_plus
D:3:      layout_basic, grunt_decor_cap
D:4:      kennysheep_spiral_hall, layout_rooms, minitemple,
          lightli_temple_of_fire, nicolae_hepliaklqana_hazy_memory,
          mainiacjoe_overflow_24_doors, serial_bayou_pond_e
D:5:      layout_loops_ring, mainiacjoe_overflow_cross_hatched,
          minmay_temple_entry_junction, serial_shops, nicolae_shop_crystal,
          gammafunk_ghost_cemetery, chequers_serial_rivers_marsh,
          amethyst_killhole, uniq_prince_ribbit1, uniq_eustachio
D:6:      cheibrodos_barr_body, layout_gridville, general_overflow_altar,
          serial_shops, shop, grunt_ministairs_6, minmay_misc_feat_rugged,
          uniq_menkaure
Temple:   hc_temple_tempest_star

Skill      XL: |  1  2  3  4  5  6  7 |
---------------+----------------------+-----
Translocations | 1 2 3 |  3.6
Stealth        | 2 3 4 |  4.1
Dodging        | 2 3 |  3.9
Conjurations   | 2 3 |  3.8
Summonings     | 2 3 |  3.9
Spellcasting   | 4 |  4.6

Action                   |  1- 3 |  4- 6 |  7- 9 || total
-------------------------+-------+-------+-------++-------
Melee: Dagger            |    77 |    74 |    33 ||   184
 Cast: Magic Dart        |    57 |    36 |    33 ||   126
       Call Canine Famil |       |    10 |     6 ||    16
       Stone Arrow       |       |       |     2 ||     2
  Use: Potion            |     4 |       |     2 ||     6
       Scroll            |       |     6 |     1 ||     7
 Stab: Sleeping          |       |     2 |       ||     2
Armor: Robe              |    14 |    10 |     6 ||    30
Dodge: Dodged            |    56 |    62 |    38 ||   156
